 Dungeon Crawl Stone Soup version 0.29-b1-5-gddc7ae1da1 (webtiles) character file.

Game seed: 12180722750805729619

212 funkygono the Covered (level 5, -3/33 HPs)
             Began as a Gargoyle Fighter on Aug 22, 2022.
             Was an Initiate of the Shining One.
             Slain by an iguana (11 damage)
             ... on level 4 of the Dungeon.
             The game lasted 00:06:39 (3429 turns).

funkygono the Covered (Gargoyle Fighter)            Turns: 3429, Time: 00:06:40

Health: -3/33      AC: 14    Str: 22    XL:     5   Next: 89%
Magic:  5/5        EV:  9    Int:  8    God:    the Shining One [......]
Gold:   243        SH:  9    Dex:  9    Spells: 4/4 levels left

rFire   . . .      SeeInvis .   a - +2 flail
rCold   . . .      Faith    .   c - +0 buckler
rNeg    + . .      Spirit   .   b - +0 scale mail
rPois   ∞          Reflect  +   u - +0 helmet
rElec   +          Harm     .   (no cloak)
rCorr   .          Rampage  .   j - +1 pair of gloves
Will    .....                   (no boots)
Stlth   ..........              f - amulet of reflection
HPRegen 0.11/turn               k - +4 ring of slaying
MPRegen 0.09/turn               (no ring)

@: glowing
A: sickness immunity, AC +4, negative energy resistance 1, electricity
resistance, torment resistance 1, petrification resistance
a: Renounce Religion


You were on level 4 of the Dungeon.
You worshipped the Shining One.
The Shining One was noncommittal.
You visited 2 branches of the dungeon, and saw 5 of its levels.

You collected 243 gold pieces.

Inventory:

Hand Weapons
 a - a +2 flail (weapon)
 s - a +0 whip
 v - a +5 sling
Missiles
 h - 3 poisoned darts (quivered)
Armour
 b - a +0 scale mail (worn)
 c - a +0 buckler (worn)
 i - a +2 robe of cold resistance
 j - a +1 pair of gloves (worn)
 u - a +0 helmet (worn)
Jewellery
 f - an amulet of reflection (around neck)
 k - a +4 ring of slaying (left hand)
Wands
 t - a wand of roots (5)
Scrolls
 g - 2 scrolls of teleportation
 q - a scroll of magic mapping
 w - a scroll of butterflies
Potions
 d - 2 potions of might
 e - 3 potions of ambrosia
 l - 3 potions of lignification
 m - 2 potions of curing {unknown}
 n - 2 potions of heal wounds
 o - 2 potions of haste {unknown}
 r - a potion of invisibility {unknown}


   Skills:
 + Level 3.9 Fighting
 + Level 3.9 Maces & Flails
 + Level 4.4 Armour
 + Level 0.8 Dodging
 + Level 0.4 Stealth
 + Level 4.2 Shields


You had 4 spell levels left.
You didn't know any spells.
Your spell library was empty.

Dungeon Overview and Level Annotations

Branches:
Dungeon (4/15)             Temple (1/1) D:4

Altars:
Ashenzari
Dithmenos
Elyvilon
Fedhas
Hepliaklqana
Makhleb
Nemelex Xobeh
Qazlal
Sif Muna
Vehumet
Wu Jian
Yredelemnul
Zin
The Shining One

Shops:
D:2 *(([*


Innate Abilities, Weirdness & Mutations

You are immune to sickness and miasma.
Your stone body is resilient. (AC +4)
You are immune to poison.
You resist negative energy. (rN+)
You are resistant to electric shocks. (rElec)
You are resistant to unholy torment.
You are immune to petrification.


Message History

The gnoll bouda is lightly wounded.
Your attacks no longer feel as feeble.
The gnoll bouda hits you but does no damage.
The iguana bites you.
The gnoll bouda hits you but does no damage.
The iguana bites you!
* * * LOW HITPOINT WARNING * * *
You closely miss the gnoll bouda.
The gnoll bouda is lightly wounded.
You block the gnoll bouda's attack. The iguana closely misses you.
You closely miss the gnoll bouda.
The gnoll bouda is lightly wounded.
The gnoll bouda hits you but does no damage.
You block the iguana's attack.
You sock the gnoll bouda!
The gnoll bouda is heavily wounded.
The gnoll bouda hits you but does no damage.
You block the iguana's attack.
You thump the gnoll bouda!
You kill the gnoll bouda!
The Shining One accepts your kill. You block the iguana's attack.
The iguana bites you.
* * * LOW HITPOINT WARNING * * *
There is an open door, spattered with blood here.
Things that are here:
a +0 club; a +0 leather armour You thump the iguana!
The iguana is heavily wounded.
You block the iguana's attack.
You barely miss the iguana.
The iguana is heavily wounded.
You block the iguana's attack.
You hit the iguana but do no damage.
The iguana is heavily wounded.
The iguana barely misses you.
You hit the iguana but do no damage.
The iguana is heavily wounded.
The iguana bites you but does no damage.
The iguana bites you!
You die...

..... ..... .
.....##+## ..
.........# ...
.........# ..
.........#'####
...............
#########@#
#......))l#
########.....))..#
.................#
.................#
......###'##.##..#
......##..#####..#
.......#..+ .....
.......#..# ......


You could see an iguana.

Vanquished Creatures
  A gnoll bouda (D:4)
  Jessica (D:2)
  Robin (D:3)
  4 gnolls (D:4)
  3 adders
  A worm (D:3)
  2 dart slugs
  3 endoplasms
  5 giant cockroaches
  9 goblins
  11 hobgoblins
  2 jackals (D:2)
  6 kobolds
  2 quokkas
  3 ball pythons
  6 bats
  5 frilled lizards
  10 rats
75 creatures vanquished.

Notes
Turn   | Place    | Note
-------+----------+-------------------------------------------
     0 | D:1      | funkygono the Gargoyle Fighter began the quest for the Orb.
     0 | D:1      | Reached XP level 1. HP: 14/14 MP: 1/1
   124 | D:1      | Found a faded altar of an unknown god.
   346 | D:1      | Reached XP level 2. HP: 19/19 MP: 2/2
  1014 | D:2      | Reached XP level 3. HP: 23/23 MP: 3/3
  1061 | D:2      | Found Figaunam's Weapon Shop.
  1114 | D:2      | Found a shimmering blue altar of Sif Muna.
  1138 | D:2      | Noticed Jessica
  1171 | D:2      | Killed Jessica
  1172 | D:2      | Reached XP level 4. HP: 4/29 MP: 4/4
  1577 | D:2      | Found Ipladdus's General Store.
  1673 | D:2      | Found Raesydyp's Antique Weapon Boutique.
  1741 | D:2      | Found Gevecud's General Store.
  1913 | D:2      | Found Fius Acu's Antique Armour Shoppe.
  2172 | D:3      | Reached XP level 5. HP: 33/33 MP: 5/5
  2230 | D:3      | Noticed Robin
  2526 | D:3      | Killed Robin
  3091 | D:4      | Found a staircase to the Ecumenical Temple.
  3107 | Temple   | Entered the Ecumenical Temple
  3352 | Temple   | Became a worshipper of the Shining One
  3429 | D:4      | Slain by an iguana

Illustrated notes

Levels and vault maps discovered:
D:1:      co_arrival_square_in_a_square_in_a_square, layout_loops_corners,
          hellmonk_ecumenical_altar_run_dry, nicolae_kite_square_tiling_tiny,
          minmay_split_cup_large
D:2:      layout_rooms, basic_altar, serial_shops,
          nicolae_shop_temple_entry_statues_fountains, nicolae_lakefront_shop,
          nicolae_shop_statue_plus, nicolae_shop_trees, shop, uniq_jessica
D:3:      layout_basic, uniq_robin
D:4:      layout_gridville, temple_pool_b
Temple:   oiseaux_autumnal_temple

Skill      XL: |  1  2  3  4  5 |
---------------+----------------+-----
Maces & Flails | 3 |  3.9
Shields        | 4 |  4.2
Armour         | 4 |  4.4
Fighting       | |  3.9
Dodging        | |  0.8
Stealth        | |  0.4

Action                   |  1- 3 |  4- 6 || total
-------------------------+-------+-------++-------
Melee: Flail             |   100 |   101 ||   201
Throw: Dart              |     2 |       ||     2
  Use: Scroll            |     7 |     5 ||    12
Armor: Scale mail        |    41 |    82 ||   123
Dodge: Dodged            |    47 |    65 ||   112
Block: Buckler           |    34 |    87 ||   121
       Reflection        |       |     1 ||     1
